cohdb
Replays
Latest Replays
All Replays
Popular Replays
Top Player Replays
Match Explorer
How It Works
Community
CoH3 Stats
Reddit
Sign in to upload your games and track your stats! →
Sign in with Steam
3v3 [Late Game Espionage]
Match 39314197
Overview
Messages
Build Orders
End
Construct Section Command Post
Infantry Section
ML 3-inch Mortar Team
Infantry Section
Infantry Section
Construct Platoon Command Post
Unlock M3 Stuart Light Tanks
Infantry Section
M3 Stuart Light Tank
Construct Company Command Post
Selects Air and Sea Battlegroup
Selects Supply Surplus
Construct Resource Cache
Unlock M3 Grant Medium Tanks
Selects Commando Section Paradrop
Selects M1 Pack Howitzer Paradrop
Selects Incendiary Bombing Run
Incendiary Bombing Run
Construct Resource Cache
Construct Resource Cache
M3 Grant Medium Tank
Grenade Package
Incendiary Bombing Run
Construct Resource Cache
Infantry Section
Selects Centaur Medium Tank
Infantry Section
M3 Grant Medium Tank
Royal Engineer Section
M3 Grant Medium Tank
M3 Grant Medium Tank
Incendiary Bombing Run
Infantry Section
Armored Vehicle Training
Selects Naval Bombardment
Selects Assault Flares
M3 Grant Medium Tank
Infantry Section
Royal Engineer Section
Assault Flares
M3 Grant Medium Tank
Incendiary Bombing Run
Royal Engineer Section
Royal Engineer Section
M3 Grant Medium Tank
banstyle
Riacu
My body my choice
Mochi_flamer
Jeremy
JT
0
0
Comments
sign in to comment!
No comments posted yet!